 Dungeon Crawl Stone Soup version 0.27-a0-1248-g57ac2eb73c (webtiles) character file.

Game seed: 16095779973161945196

186 Delamore the Poker (level 5, -2/43 HPs)
             Began as a Formicid Fighter on June 10, 2021.
             Was a Believer of Wu Jian.
             Killed from afar by Ijyb (7 damage)
             ... with an iceblast
             ... on level 3 of the Dungeon.
             The game lasted 00:02:26 (2695 turns).

Delamore the Poker (Formicid Fighter)               Turns: 2695, Time: 00:02:27

Health: -2/43      AC:  9    Str: 21    XL:     5   Next: 97%
Magic:  5/5        EV:  8    Int:  8    God:    Wu Jian [**....]
Gold:   169        SH:  9    Dex: 10    Spells: 4/4 levels left

rFire    . . .     SeeInvis +   a - +0 trident
rCold    . . .     Faith    .   c - +0 kite shield
rNeg     . . .     Spirit   .   b - +0 scale mail
rPois    .         Reflect  .   (helmet unavailable)
rElec    .         Harm     .   i - +0 cloak
rCorr    +         Rampage  .   (no gloves)
Will     .....                  g - +0 pair of boots
Stlth    ..........             (no amulet)
HPRegen  0.14/turn              j - ring of resist corrosion
MPRegen  0.09/turn              (no ring)

@: very slightly contaminated, invisible
A: permanent stasis, dig shafts and tunnels, antennae 3, four strong arms
a: Dig, Shaft Self, Renounce Religion, Wall Jump


You were on level 3 of the Dungeon.
You worshipped Wu Jian.
Wu Jian was pleased with you.
You visited 1 branch of the dungeon, and saw 3 of its levels.

You collected 169 gold pieces.

Inventory:

Hand Weapons
 a - a +0 trident (weapon)
Missiles
 e - a throwing net
Armour
 b - a +0 scale mail (worn)
 c - a +0 kite shield (worn)
 g - a +0 pair of boots (worn)
 i - a +0 cloak (worn)
Jewellery
 j - a ring of resist corrosion (left hand)
Potions
 d - a potion of might


   Skills:
 + Level 4.7 Fighting
 * Level 4.7 Polearms
 - Level 3.2 Armour
 - Level 3.6 Shields


You had 4 spell levels left.
You didn't know any spells.
Your spell library contained the following spells:

 Spells                   Type           Power      Damage    Failure   Level
 Sandblast                Erth           0%         2d4       98%         1
 Passwall                 Tmut/Erth      0%         N/A       99%         2
 Stone Arrow              Conj/Erth      0%         3d7       100%        3
 Petrify                  Tmut/Erth      0%         N/A       100%        4
 Lee's Rapid Deconstruct  Erth           0%         3d5*      100%        5


Dungeon Overview and Level Annotations

Branches:
Dungeon (3/15)

Altars:
Hepliaklqana
Wu Jian

Annotations:
D:3 Ijyb


Innate Abilities, Weirdness & Mutations

You cannot be hasted, slowed, berserked, paralysed or teleported.
You can dig through walls and to a lower floor.
You have a pair of large antennae on your head. (SInv)
Your four strong arms can wield two-handed weapons with a shield.


Message History

You closely miss Ijyb.
Ijyb is moderately wounded.
Ijyb closely misses you.
The hobgoblin hits you but does no damage.
You closely miss Ijyb.
Ijyb is moderately wounded.
Ijyb closely misses you.
The hobgoblin hits you but does no damage.
You hit Ijyb.
Ijyb is heavily wounded.
You block Ijyb's attack. The hobgoblin barely misses you.
Ijyb zaps a wand.
The mass of ice explodes!
The iceblast engulfs you!!
* * * LOW HITPOINT WARNING * * *
You hear an angry hiss.
You extend your mandibles.
You dig through the rock wall.
You dig through the rock wall.
You fade into invisibility!
Ijyb screams, "Me stronger than you!"
Ijyb zaps a wand.
The mass of ice explodes!
The iceblast engulfs you.
* * * LOW HITPOINT WARNING * * *
You are very lightly contaminated with residual magic.
You retract your mandibles.
You extend your mandibles.
You dig through the rock wall.
You dig through the rock wall.
You dig through the rock wall.
You dig through the rock wall.
You retract your mandibles.
You puncture Ijyb!
Ijyb is almost dead.
Ijyb barely misses you.
You catch the helpless Ijyb completely off-guard!
You hit Ijyb but do no damage.
Ijyb is almost dead.
Ijyb hits you but does no damage.
You catch the helpless Ijyb completely off-guard!
You hit Ijyb but do no damage.
Ijyb is almost dead.
Ijyb zaps a wand.
The mass of ice explodes!
The iceblast engulfs you!
You die...

......†.g...P♣♣ { ####
########......♣ #..# ..#
#g....♣.♣ ##.# {#.# #.##♣♣♣ ##.##
#.# #.g#♣♣ #.#.# #.#######.#.{##
### ### ####. #.#......(#.#{###.#
#.# #.#.# #.#.#######.##g##.# #.#
##.## #.#.# #.#@###.####.####...
##.#.# #.#####.............
##.#..#######.##....####.####.>.
#.###......##.##.##.# #.# ##...
##.#..####.##.##.##.# #.###....
##.#.# #.##.##.##.# #........
######)# #.##.##.##.# ##.....^.
.......####..........#####>......
######...................).......


You could see Ijyb.

Vanquished Creatures
  An iguana (D:3)
  4 gnolls (D:3)
  5 adders
  2 worms
  A dart slug (D:1)
  4 endoplasms
  5 giant cockroaches
  4 goblins
  11 hobgoblins
  4 jackals (D:3)
  5 kobolds
  A quokka (D:1)
  9 ball pythons
  6 bats
  A frilled lizard (D:3)
  3 rats
66 creatures vanquished.

Vanquished Creatures (others)
  2 plants (D:3)
2 creatures vanquished.

Grand Total: 68 creatures vanquished

Notes
Turn   | Place    | Note
-------+----------+-------------------------------------------
     0 | D:1      | Delamore the Formicid Fighter began the quest for the Orb.
     0 | D:1      | Reached XP level 1. HP: 18/18 MP: 1/1
    11 | D:1      | Found a faded altar of an unknown god.
    78 | D:1      | Became a worshipper of the Wu Jian Council
    78 | D:1      | Reached * piety under Wu Jian
   158 | D:1      | Reached XP level 2. HP: 21/24 MP: 2/2
   326 | D:1      | Reached XP level 3. HP: 30/30 MP: 3/3
   689 | D:1      | Reached ** piety under Wu Jian
  1206 | D:2      | Reached XP level 4. HP: 21/37 MP: 4/4
  2222 | D:3      | Reached XP level 5. HP: 31/42 MP: 5/5
  2323 | D:3      | Found a hazy altar of Hepliaklqana.
  2667 | D:3      | Noticed Ijyb
  2695 | D:3      | Killed from afar by Ijyb

Illustrated notes

Levels and vault maps discovered:
D:1:      dpeg_arrival_tiny_a, layout_loops_ring, ebering_ecumenical_altar_hall,
          st_stairs_12, corexii_hall_statues_i, hangedman_decor_clover_reticule
D:2:      layout_basic
D:3:      layout_loops_ring, lemuel_round_altar,
          nicolae_hepliaklqana_hazy_memory, gammafunk_ghost_smash, serial_shops,
          nicolae_shop_waterfront, uniq_crazy_yiuf_cottage, uniq_ijyb

Skill      XL: |  1  2  3  4 |
---------------+-------------+-----
Polearms       | 3 4 |  4.7
Fighting       | 4 |  4.7
Armour         | |  3.2
Shields        | |  3.6

Action                   |  1- 3 |  4- 6 || total
-------------------------+-------+-------++-------
Melee: Trident           |   108 |   117 ||   225
 Abil: Dig               |       |     3 ||     3
  Use: Scroll            |     1 |     3 ||     4
       Potion            |       |     1 ||     1
 Stab: Invisible         |       |     2 ||     2
Armor: Scale mail        |    44 |    43 ||    87
Dodge: Dodged            |    24 |    36 ||    60
Block: Kite shield       |    50 |    53 ||   103

Table legend: (Time is in decaauts)
 A = Elapsed time spent in this place.
 B = Non-inter-level travel time spent in this place.
 C = Inter-level travel time spent in this place.
 D = Time resting spent in this place.
 E = Time spent auto-exploring this place.
 F = Levels seen in this place.
 G = Mean time per level.
                   A        B        C        D        E       F      G
               +--------+--------+--------+--------+--------+-----+--------+
         Total |   2763 |   2658 |    105 |    110 |   2057 |   3 |  921.0 |
       Dungeon |   2763 |   2658 |    105 |    110 |   2057 |   3 |  921.0 |
               +--------+--------+--------+--------+--------+-----+--------+

Top non-repeatable levels by time:
     D:2: 1118 daAuts
     D:1: 1033 daAuts
     D:3: 612 daAuts
